cohdb
Replays
Latest Replays
All Replays
Popular Replays
Top Player Replays
Match Explorer
How It Works
Community
CoH3 Stats
Reddit
Sign in to upload your games and track your stats! →
Sign in with Steam
Match 43061401
Unlisted
Match 43061401
Overview
Messages
Build Orders
End
Pioneer Squad
Construct Infanterie Kompanie
Selects Breakthrough Battlegroup
Selects Assault Grenadiers
Grenadier Squad
Grenadier Squad
MG 42 Machine Gun Team
Construct Luftwaffe Kompanie
Selects Rapid Production
221 Scout Car
Jäger Squad
Infanterie Officer Quarters
Medical Bunker
Selects Breakthrough
Selects Mechanized Assault Group
Mechanized Assault Group
Construct Panzer Kompanie
MG 42 Machine Gun Team
Panzer IV Medium Tank
咚咚锵个腿
WeAJapaneseGoblin
0
0
Comments
sign in to comment!
No comments posted yet!